 Dungeon Crawl Stone Soup version 0.30-a0-1163-gf69bf04e7a (webtiles) character file.

Game seed: 9211064540458990403

129 qeuew the Sneak (level 4, -4/21 HPs)
             Began as a Spriggan Enchanter on Apr 28, 2023.
             Slain by a phantom (7 damage)
             ... on level 4 of the Dungeon.
             The game lasted 00:03:08 (1890 turns).

qeuew the Sneak (Spriggan Enchanter)                Turns: 1890, Time: 00:03:09

Health: -4/21      AC:  2    Str:  4    XL:     4   Next: 88%
Magic:  18/18      EV: 18    Int: 16    God:
Gold:   192        SH:  0    Dex: 17    Spells: 4/9 levels left

rFire   . . .        a - +2 dagger
rCold   . . .        (no shield)
rNeg    . . .        b - +0 robe
rPois   .            (helmet restricted)
rElec   .            (no cloak)
rCorr   .            (gloves unavailable)
SInv    +            (boots unavailable)
Will    .....        (no amulet)
Stlth   +++          f - ring of magical power
HPRegen 0.23/turn    (no ring)
MPRegen 0.16/turn

%: no passive effects
@: invisible, very quick
A: very small, no large weapons, unfitting armour, see invisible, speed 3
a: no special abilities


You were on level 4 of the Dungeon.
You visited 1 branch of the dungeon, and saw 4 of its levels.

You collected 192 gold pieces.

Inventory:

Hand Weapons
 a - a +2 dagger (weapon)
Armour
 b - a +0 robe (worn)
Jewellery
 f - a ring of magical power (left hand)
Wands
 k - a wand of paralysis (7)
Scrolls
 d - 2 scrolls of fear
 e - a scroll of teleportation
Potions
 c - a potion of invisibility
 g - 3 potions of might
 h - 2 potions of attraction


   Skills:
 * Level 2.7 Short Blades
 + Level 3.4 Dodging
 * Level 5.9 Stealth
 + Level 3.2 Spellcasting
 * Level 4.6 Hexes


You had 4 spell levels left.
You knew the following spells:

 Your Spells              Type           Power      Damage    Failure   Level
a - Ensorcelled Hibernat  Hex/Ice        20%        N/A       11%         2
b - Confusing Touch       Hex            17%        N/A       9%          3

Your spell library contained the following spells:

 Spells                   Type           Power      Damage    Failure   Level
 Slow                     Hex            68%        N/A       2%          1
 Tukima's Dance           Hex            17%        N/A       9%          3
 Dazzling Flash           Conj/Hex       20%        N/A       22%         3
 Sublimation of Blood     Necr           2%         N/A       28%         2
 Vampiric Draining        Necr           2%         2d6       50%         3
 Petrify                  Tmut/Erth      2%         N/A       88%         4
 Irradiate                Conj/Tmut      1%         3d12      99%         5


Dungeon Overview and Level Annotations

Branches:
Dungeon (4/15)
 Temple: D:4-7

Altars:

Shops:
D:3 :


Innate Abilities, Weirdness & Mutations

You are very small and have problems with some larger weapons.
You are too small for most types of armour.
You have supernaturally acute eyesight. (SInv)
You cover ground extremely quickly. (Speed+++)


Message History

The phantom is lightly damaged.
Your hands stop glowing.
The phantom completely misses you.
You hit the phantom.
The phantom is lightly damaged.
You hit the phantom.
The phantom is moderately damaged.
The phantom misses you.
You barely miss the phantom.
The phantom is moderately damaged.
The phantom misses you.
You closely miss the phantom.
The phantom is moderately damaged.
The phantom hits you.
* * * LOW HITPOINT WARNING * * *
The phantom blinks!
You blink.
You fade into invisibility!
The phantom misses you.
You closely miss the phantom.
The phantom is moderately damaged.
The phantom barely misses you.
You hit the phantom.
The phantom is moderately damaged.
The phantom hits you.
* * * LOW HITPOINT WARNING * * *
The phantom blinks!
You blink.
You barely miss the phantom.
The phantom is moderately damaged.
You miss the phantom.
The phantom is moderately damaged.
You hit the phantom.
The phantom is moderately damaged.
The phantom closely misses you.
You barely miss the phantom.
The phantom is moderately damaged.
The phantom completely misses you.
You closely miss the phantom.
The phantom is moderately damaged.
The phantom hits you!
You die...

............#.###..###
......................
.##.###..##........###
........##........#
.##........<.......#
/...................
####.............#.#
##..########..# #
#.@....... ..#
..######.#W######
.........#.#
..######.#.. #.####
... #.## #.# .#


You could see a phantom (unable to see you).

Vanquished Creatures
  A scorpion (D:3)
  Ijyb (D:3)
  A worm (D:2)
  A dart slug (D:3)
  An orc (D:3)
  4 bats
  2 endoplasms
  3 giant cockroaches
  2 goblins
  5 hobgoblins
  4 jackals (D:1)
  2 kobolds (D:1)
  A quokka (D:1)
  2 ball pythons
  2 frilled lizards
  4 rats
36 creatures vanquished.

Notes
Turn   | Place    | Note
-------+----------+-------------------------------------------
     0 | D:1      | qeuew the Spriggan Enchanter began the quest for the Orb.
     0 | D:1      | Reached XP level 1. HP: 9/9 MP: 5/5
   183 | D:1      | Reached XP level 2. HP: 13/13 MP: 6/6
   696 | D:1      | Learned a level 2 spell: Ensorcelled Hibernation
   722 | D:2      | Reached skill level 5 in Stealth
   815 | D:2      | Reached XP level 3. HP: 16/16 MP: 8/8
  1343 | D:3      | Noticed Ijyb
  1347 | D:3      | Killed Ijyb
  1377 | D:3      | Noticed a scorpion
  1384 | D:3      | Reached XP level 4. HP: 21/21 MP: 9/9
  1386 | D:3      | Killed a scorpion
  1597 | D:3      | Found Noil's Book Shop.
  1848 | D:4      | Noticed a phantom
  1862 | D:3      | Learned a level 3 spell: Confusing Touch
  1890 | D:4      | Slain by a phantom

Illustrated notes

Levels and vault maps discovered:
D:1:      mrwooster_arrival_statue_3, layout_rooms
D:2:      layout_rooms, hangedman_abyss_or_decor_lesser_grid,
          kennysheep_cluttered_room, minmay_misc_feat_alley,
          reono_crystal_passage
D:3:      layout_loops_ring, serial_shops, nicolae_shop_advertising_works
          [nicolae_subvault_shop_adworks], uniq_ijyb
D:4:      layout_basic, kennysheep_okawaru_gauntlet

Skill      XL: |  1  2  3 |
---------------+----------+-----
Hexes          | 4 |  4.6
Dodging        | 3 |  3.4
Stealth        | 5 |  5.9
Short Blades   | 2 |  2.7
Spellcasting   | 3 |  3.2

Action                     |  1- 3 |  4- 6 || total
---------------------------+-------+-------++-------
  Melee: Dagger            |   109 |    29 ||   138
         Punch             |       |     1 ||     1
   Cast: Ensorcelled Hiber |     3 |     1 ||     4
         Confusing Touch   |       |     1 ||     1
    Use: Scroll            |     6 |     2 ||     8
         Potion            |     5 |     3 ||     8
   Stab: Sleeping          |     9 |     2 ||    11
         Invisible         |     1 |       ||     1
 Armour: Robe              |    11 |       ||    11
  Dodge: Dodged            |    81 |    18 ||    99

Table legend: (Time is in decaauts)
 A = Elapsed time spent in this place.
 B = Non-inter-level travel time spent in this place.
 C = Inter-level travel time spent in this place.
 D = Time resting spent in this place.
 E = Time spent auto-exploring this place.
 F = Levels seen in this place.
 G = Mean time per level.
                   A        B        C        D        E       F      G
               +--------+--------+--------+--------+--------+-----+--------+
         Total |   1288 |   1268 |     20 |     28 |    947 |   4 |  322.0 |
       Dungeon |   1288 |   1268 |     20 |     28 |    947 |   4 |  322.0 |
               +--------+--------+--------+--------+--------+-----+--------+

Top non-repeatable levels by time:
     D:1: 524 daAuts
     D:3: 395 daAuts
     D:2: 334 daAuts
     D:4: 34 daAuts
